Map: Prion Terraces

Players

MorN

  • Race: Terran Terran
  • League: Master

Mariuslol - Winner!

  • Race: Zerg Zerg
  • League: Master

VOD

Have the link to the VOD?

Description

Time

  • Played on: Nov. 23, 2015, 9:43 p.m.
  • Length: 13:48
Show
View Real Time Build Order
Export as new Build Order

MorN Terran 

Build Orders: Reaper Expand 

Get SALT Encoding   

  12  0:00  SCV  
  13  0:12  SCV  
  14  0:17  Supply Depot  
  14  0:25  SCV  
  15  0:38  SCV  
  15  0:40  Barracks  
  16  0:46  Refinery  
  16  0:50  SCV  
  17  1:03  SCV  
  18  1:15  SCV  
  19  1:28  Orbital Command  
  19  1:29  Reaper  
  20  1:40  Command Center  
  20  1:54  SCV  
  20  1:55  Supply Depot  
  21  2:01  Reaper  
  22  2:09  SCV  
  23  2:21  SCV  
  24  2:31  Factory  
  24  2:33  SCV  
  25  2:43  Refinery  
  25  2:45  Command Center, SCV  
  25  2:46  Barracks Reactor  
  26  2:52  Orbital Command  
  26  3:02  SCV  
  27  3:14  SCV  
  28  3:26  SCV, Marine x2  
  31  3:28  Starport  
  31  3:30  Factory Tech Lab, SCV  
  32  3:38  SCV  
  33  3:42  SCV  
  33  3:44  Marine x2  
  36  3:50  Siege Tank  
  36  3:51  SCV  
  36  3:55  SCV  
  41  4:02  Marine x2  
  41  4:03  SCV  
  41  4:08  Medivac  
  44  4:10  SCV  
  44  4:12  Orbital Command  
  44  4:15  SCV  
  46  4:21  Marine x2  
  46  4:22  SCV  
  49  4:27  SCV  
  49  4:31  Factory Tech Lab  
  50  4:34  SCV  
  51  4:38  SCV  
  51  4:39  SCV  
  52  4:46  SCV  
  52  4:51  SCV  
  54  4:57  Banshee, Cloaking Field, Barracks  
  54  4:58  SCV x2  
  59  5:02  Factory Reactor  
  59  5:03  SCV  
  59  5:06  Supply Depot  
  60  5:09  Bunker  
  60  5:10  Refinery  
  60  5:11  SCV, Supply Depot  
  60  5:12  Refinery  
  60  5:13  Engineering Bay  
  61  5:14  Engineering Bay  
  61  5:17  Barracks  
  61  5:25  Supply Depot  
  61  5:28  SCV x3, Marauder  
  66  5:48  Terran Infantry Weapons Level 1  
  66  5:49  Marine  
  67  5:50  Terran Infantry Armor Level 1, SCV  
  67  5:51  Factory Reactor  
  67  5:52  Supply Depot x2, Barracks  
  67  5:53  Marine x2  
  67  5:55  Barracks  
  70  6:03  SCV  
  71  6:05  Supply Depot  
  71  6:07  Marine  
  71  6:10  Marine  
  71  6:11  Marine x3  
  75  6:25  Marine  
  68  6:28  Marine x2  
  68  6:29  Marine x2  
  68  6:31  Armory, SCV x2  
  68  6:32  Supply Depot  
  74  6:34  Starport Reactor  
  74  6:43  Marauder  
  74  6:46  Marine x2  
  74  6:47  Orbital Command, Marine  
  78  6:49  Marine  
  78  6:52  Barracks Reactor, Widow Mine  
  82  6:55  SCV x2  
  84  7:04  Marine x2  
  84  7:05  Marauder  
  88  7:15  Marine x3  
  90  7:16  Medivac x2  
  90  7:18  SCV  
  90  7:22  SCV, Marine  
  98  7:24  Marine, Terran Vehicle Weapons Level 1  
  98  7:26  Marauder  
  98  7:29  Marine x2  
  103  7:30  Command Center  
  103  7:32  SCV x2  
  103  7:33  Marauder, Marine x2  
  103  7:35  Supply Depot x2  
  103  7:36  Widow Mine x2  
  109  7:41  Combat Shields  
  113  7:44  Stimpack  
  113  7:45  SCV  
  113  7:46  Marine x2  
  113  7:50  Supply Depot  
  116  7:52  Refinery  
  116  7:54  Terran Infantry Weapons Level 2, Terran Infantry Armor Level 2  
  116  7:57  Marauder x2  
  120  8:00  Marine x2  
  122  8:06  Widow Mine x2  
  122  8:07  Medivac  
  122  8:12  Medivac  
  130  8:13  Marine x4  
  130  8:18  Marine, Marauder x2  
  130  8:19  Supply Depot  
  139  8:20  Supply Depot, Marine  
  139  8:22  Supply Depot  
  139  8:24  Supply Depot  
  140  8:31  Marine  
  141  8:40  Medivac, Marine x4  
  141  8:41  Marauder  
  149  8:42  Medivac, Marauder  
  149  8:43  Supply Depot  
  149  8:47  Supply Depot  
  153  8:51  Marine x2  
  155  8:57  Barracks  
  155  8:58  Barracks, Marine x3  
  155  9:00  Barracks  
  155  9:02  Marine, Marauder  
  160  9:03  Marauder  
  160  9:09  Marine x2  
  165  9:10  Medivac  
  165  9:13  Missile Turret  
  165  9:14  Missile Turret  
  165  9:15  Missile Turret  
  166  9:19  Marine x2  
  166  9:24  Marauder  
  164  9:25  Marauder  
  124  9:39  Marine x2  
  124  9:40  Medivac x2  
  124  9:45  Marauder  
  118  9:46  Marauder, Marine  
  104  9:55  Marine x2  
  84  10:00  Marine x2  
  84  10:02  Orbital Command  
  84  10:05  Marine x2  
  84  10:06  Marauder  
  83  10:07  Marauder, Marine x3  
  83  10:10  Medivac x2  
  83  10:13  Marine  
  92  10:25  SCV x2  
  92  10:28  Marauder  
  97  10:29  Marauder  
  97  10:30  Marine x2  
  97  10:32  Barracks Tech Lab  
  100  10:36  Barracks Tech Lab  
  100  10:37  SCV x2  
  100  10:38  Barracks Reactor  
  100  10:40  Medivac  
  104  10:44  SCV x2  
  104  10:49  SCV x2  
  110  10:54  Marine x2  
  110  10:55  Marine x2  
  110  10:56  SCV  
  111  11:00  Terran Infantry Weapons Level 3  
  111  11:03  Marine x2  
  111  11:04  Marauder  
  111  11:07  Terran Infantry Armor Level 3  
  107  11:11  Marine x2  
  107  11:14  Marine  
  107  11:16  SCV  
  111  11:19  Widow Mine  
  111  11:24  Marine x2  
  115  11:25  Marine x2  
  115  11:29  Marine x2  
  113  11:33  Marine x2  
  113  11:34  Marauder  
  113  11:37  Marine x2  
  107  11:40  Marine  
  107  11:42  Marine x2  
  107  11:46  Marine x2  
  101  11:52  Marine  
  99  11:55  Marauder x2  
  99  11:56  SCV x2  
  99  12:01  Marine x3  
  107  12:06  Planetary Fortress  
  108  12:14  Marine x2  
  108  12:15  Marine x2, Marauder  
  114  12:17  Widow Mine  
  114  12:21  Marine x2  
  114  12:22  Marine  
  119  12:24  Marine  
  119  12:27  Marine x2  
  119  12:28  Marauder  
  125  12:30  SCV  
  125  12:31  SCV  
  125  12:33  SCV  
  125  12:36  Marine  
  128  12:40  Marine x2  
  128  12:42  SCV  
  128  12:43  SCV  
  127  12:55  Marine x2  
  127  12:56  Marine x2, Marauder  
  127  12:57  Marauder  
  134  13:01  Marauder x2  
  122  13:15  Marine x2  
  122  13:17  Marine, Marauder  
  122  13:18  Marauder, Marine x2  
  124  13:22  Marauder x2  
  121  13:30  Marine x2  
Show
View Real Time Build Order
Export as new Build Order

Mariuslol Zerg - Winner!

Build Orders: Hatch First 

Get SALT Encoding   

  12  0:01  Drone  
  13  0:13  Overlord  
  13  0:19  Drone  
  14  0:31  Drone  
  14  0:32  Drone  
  16  0:37  Drone  
  17  0:53  Hatchery  
  17  0:56  Drone  
  17  1:00  Drone  
  18  1:06  Extractor  
  18  1:07  Drone  
  18  1:20  Spawning Pool  
  18  1:22  Drone  
  18  1:30  Drone  
  19  1:42  Overlord  
  19  2:07  Zergling x6  
  19  2:08  Queen x2  
  22  2:13  Metabolic Boost  
  26  2:17  Drone x2  
  28  2:32  Drone x2  
  30  2:37  Overlord  
  30  2:44  Queen  
  30  2:49  Drone x2  
  30  2:50  Drone  
  35  2:57  Overlord  
  35  3:03  Zergling x2  
  35  3:07  Overlord  
  34  3:20  Drone x3  
  34  3:21  Drone x5  
  41  3:29  Drone  
  42  3:38  Queen  
  44  3:42  Hatchery  
  44  3:44  Drone x2  
  44  3:45  Drone  
  46  3:52  Lair, Drone  
  46  3:53  Drone  
  48  4:02  Zergling x12  
  52  4:08  Zergling x4  
  53  4:15  Extractor x2  
  51  4:23  Overlord  
  51  4:28  Drone x3  
  54  4:33  Drone x2  
  54  4:34  Drone x2  
  54  4:36  Drone  
  54  4:37  Drone  
  60  4:40  Overlord  
  60  4:45  Zergling x2  
  56  4:51  Overlord, Spore Crawler  
  52  4:53  Roach Warren  
  52  4:58  Spore Crawler, Drone  
  52  4:59  Drone  
  52  5:01  Drone x3  
  52  5:04  Drone x2  
  52  5:05  Drone x2  
  59  5:12  Drone x2  
  61  5:18  Extractor  
  61  5:19  Drone x3  
  63  5:26  Hatchery  
  62  5:32  Glial Reconstitution  
  62  5:33  Evolution Chamber  
  62  5:35  Evolution Chamber, Drone  
  61  5:36  Drone x4  
  65  5:50  Overlord  
  65  5:53  Roach x3  
  65  5:54  Roach x5  
  81  5:59  Extractor x2  
  81  6:00  Drone x4  
  81  6:03  Burrow  
  83  6:09  Roach x2  
  86  6:12  Roach x3  
  86  6:13  Roach  
  92  6:20  Drone x2  
  89  6:26  Spore Crawler  
  89  6:28  Spine Crawler  
  89  6:31  Queen  
  89  6:32  Drone x3  
  92  6:33  Drone  
  92  6:38  Zerg Missile Weapons Level 1, Zerg Ground Armor Level 1  
  92  6:40  Spore Crawler  
  92  6:42  Spore Crawler  
  92  6:43  Drone x2  
  92  6:45  Drone  
  92  6:47  Drone  
  89  6:55  Drone x5  
  89  6:59  Overlord  
  94  7:04  Overseer  
  94  7:06  Roach x3  
  100  7:18  Hatchery  
  99  7:27  Overlord x2  
  99  7:28  Roach x3  
  99  7:29  Roach x3  
  111  7:38  Overlord x2  
  111  7:50  Roach  
  127  7:51  Roach x7  
  127  8:04  Overlord x2, Roach  
  127  8:05  Roach x5  
  139  8:09  Overlord x2  
  139  8:18  Roach  
  139  8:19  Overlord, Roach  
  143  8:26  Overlord, Roach  
  143  8:27  Roach x3  
  151  8:37  Pneumatized Carapace  
  151  8:39  Roach x5  
  161  8:42  Ravager  
  161  8:43  Roach  
  161  8:44  Ravager  
  161  8:45  Ravager x6  
  171  8:53  Roach x4  
  171  8:54  Roach  
  180  8:57  Roach x2  
  180  8:59  Ravager x2  
  180  9:00  Ravager x4  
  180  9:01  Ravager  
  191  9:03  Zerg Melee Weapons Level 1  
  191  9:10  Zerg Ground Armor Level 2  
  191  9:12  Infestation Pit  
  191  9:14  Overseer  
  182  9:37  Roach  
  182  9:38  Roach x7  
  190  9:49  Drone x3  
  190  9:50  Drone x4, Extractor x2  
  190  9:51  Hive  
  187  9:59  Roach x4  
  197  10:00  Overlord, Roach  
  197  10:07  Drone  
  198  10:14  Spine Crawler  
  198  10:15  Spine Crawler  
  198  10:16  Spine Crawler  
  198  10:17  Spine Crawler x2  
  193  10:23  Spore Crawler  
  193  10:24  Spine Crawler  
  193  10:25  Drone x5, Spine Crawler  
  193  10:26  Drone x3  
  193  10:27  Spine Crawler  
  197  10:38  Spire  
  197  10:40  Ravager  
  197  10:41  Ravager x3  
  196  11:22  Zerg Melee Weapons Level 2  
  196  11:23  Adrenal Glands  
  196  11:24  Ultralisk Cavern  
  154  11:57  Greater Spire  
  154  12:01  Overseer x2  
  154  12:02  Hatchery  
  154  12:03  Hatchery  
  152  12:17  Ultralisk  
  152  12:18  Chitinous Plating  
  152  12:19  Ultralisk  
  152  12:20  Ultralisk x6  
  200  12:43  Drone x7  
  200  12:47  Hatchery, Extractor  
  200  12:50  Extractor  
  189  13:47  Spore Crawler  
Tags
 
Add a new tag
Caveats
  • Supply blocks, unpowered buildings, or Contaminate may cause inaccurate times.
  • Supply counts are checked every 10 seconds.